Map: Eastwatch LE

Players

Ziggy

  • Race: Terran Terran
  • Spawn Location: 1:00

souL - Winner!

  • Race: Terran Terran
  • Spawn Location: 7:00

Event: WCS Leipzig 2018

VOD

Have the link to the VOD?

Description

Time

  • Played on: Jan. 26, 2018, 9:06 a.m.
  • Length: 8:16

All games in this series

Show
View Real Time Build Order
Export as new Build Order

Ziggy Terran 

Build Orders:  

Get SALT Encoding   

  12  0:00  SCV  
  13  0:12  SCV  
  14  0:18  Supply Depot  
  14  0:24  SCV  
  15  0:31  Refinery  
  15  0:45  Barracks  
  15  1:00  Barracks  
  15  1:05  SCV  
  16  1:18  SCV  
  17  1:26  Refinery  
  17  1:30  SCV  
  17  1:32  Reaper  
  19  1:48  Reaper  
  19  1:50  Orbital Command  
  20  2:04  Reaper  
  21  2:14  Factory  
  21  2:20  Reaper  
  22  2:26  Supply Depot  
  22  2:31  SCV  
  23  2:47  SCV, Reaper  
  25  2:55  Reaper  
  26  3:06  Cyclone  
  26  3:08  SCV  
  26  3:09  Supply Depot  
  29  3:21  SCV  
  27  3:35  Command Center  
  27  3:43  SCV  
  28  3:48  Cyclone  
  28  3:55  SCV  
  32  4:07  SCV  
  33  4:19  SCV  
  33  4:20  Command Center  
  34  4:29  Factory Tech Lab  
  34  4:31  SCV  
  34  4:32  Starport  
  34  4:43  SCV  
  34  4:47  Siege Tank  
  37  4:53  Engineering Bay  
  37  4:56  SCV  
  38  5:08  SCV, Barracks  
  38  5:09  Barracks  
  38  5:13  Orbital Command  
  39  5:19  Barracks Tech Lab  
  39  5:20  Barracks Reactor  
  39  5:23  SCV  
  40  5:29  Siege Tank  
  40  5:35  Orbital Command  
  43  5:38  SCV  
  43  5:41  SCV  
  45  5:46  Stimpack  
  45  5:50  SCV  
  45  5:53  Marine  
  45  5:54  Terran Infantry Weapons Level 1  
  45  5:55  SCV  
  48  5:57  Barracks Reactor  
  48  5:59  Barracks Reactor  
  48  6:01  Refinery  
  48  6:03  SCV  
  49  6:06  Marine x2  
  49  6:09  SCV  
  52  6:12  Siege Tank  
  52  6:14  Starport Reactor  
  52  6:15  Marine  
  52  6:17  SCV  
  57  6:21  SCV, Refinery  
  57  6:24  Marine x2  
  60  6:28  Orbital Command  
  60  6:29  SCV  
  60  6:31  Supply Depot  
  61  6:33  SCV, Supply Depot  
  61  6:34  Marine x2  
  61  6:38  Marauder  
  61  6:39  Marine  
  66  6:40  Marine  
  66  6:41  SCV  
  69  6:52  SCV, Marine x2, Siege Tank  
  69  6:53  SCV  
  76  6:58  Supply Depot  
  76  7:00  SCV, Marauder  
  79  7:02  Marine x2  
  79  7:04  SCV  
  79  7:06  Medivac  
  79  7:08  SCV  
  85  7:18  SCV, Medivac, Marine x2  
  85  7:19  SCV  
  85  7:20  Supply Depot  
  91  7:26  Marine x4  
  95  7:30  Siege Tank  
  95  7:32  SCV x2  
  100  7:38  Supply Depot  
  100  7:40  SCV  
  100  7:41  Medivac  
  100  7:43  Marine x3  
  106  7:51  SCV x2  
  106  7:55  Marine  
  109  7:58  Supply Depot  
  109  8:00  SCV  
  109  8:03  SCV  
  114  8:11  Supply Depot  
Show
View Real Time Build Order
Export as new Build Order

souL Terran - Winner!

Build Orders: MMM Bio 

Get SALT Encoding   

  12  0:02  SCV  
  13  0:14  SCV  
  14  0:18  Supply Depot  
  14  0:26  SCV  
  14  0:27  Refinery  
  15  0:39  SCV  
  16  0:45  Barracks  
  16  0:51  SCV  
  17  1:03  SCV  
  18  1:16  SCV  
  19  1:33  Orbital Command, Reaper  
  20  1:47  Supply Depot  
  20  1:48  Factory  
  20  1:49  Bunker  
  20  1:59  SCV  
  21  2:05  Marine  
  22  2:12  SCV  
  23  2:16  Supply Depot  
  23  2:23  Marine  
  23  2:24  SCV  
  25  2:33  Hellion  
  25  2:36  SCV, Starport  
  28  2:40  Marine  
  29  2:48  SCV  
  29  2:50  Supply Depot  
  30  3:00  Hellion  
  30  3:02  SCV  
  32  3:09  Refinery  
  32  3:10  Marine  
  31  3:21  Hellion  
  32  3:28  Marine  
  32  3:29  Command Center  
  32  3:33  Starport Tech Lab  
  33  3:35  SCV  
  34  3:42  Cyclone  
  34  3:46  Barracks Reactor  
  34  3:47  SCV  
  38  3:53  Supply Depot  
  37  3:59  SCV  
  41  4:11  SCV  
  41  4:12  Raven  
  41  4:23  SCV  
  42  4:24  Marine  
  42  4:25  Marine  
  42  4:27  Cyclone  
  42  4:29  Supply Depot  
  47  4:35  SCV  
  48  4:43  Marine  
  50  4:47  SCV  
  50  4:52  Barracks  
  51  4:54  Orbital Command, Barracks  
  51  4:59  SCV  
  51  5:02  Marine  
  51  5:11  SCV  
  51  5:13  Viking  
  54  5:17  Siege Tank  
  54  5:20  SCV  
  58  5:24  SCV  
  58  5:26  Engineering Bay  
  59  5:30  Bunker  
  59  5:31  Marine  
  59  5:32  SCV  
  59  5:34  Marine  
  62  5:36  SCV  
  62  5:42  Supply Depot  
  63  5:43  Barracks Tech Lab  
  63  5:44  SCV, Barracks Tech Lab  
  63  5:48  SCV, Starport Reactor  
  63  5:55  Terran Infantry Weapons Level 1  
  63  5:57  SCV  
  63  5:59  Missile Turret  
  63  6:00  SCV  
  64  6:04  Marine  
  64  6:05  Marine, Stimpack  
  64  6:06  Refinery, Marine  
  64  6:09  SCV  
  68  6:12  SCV, Marine  
  68  6:17  Refinery, Combat Shields  
  70  6:21  SCV  
  70  6:22  Supply Depot  
  70  6:24  SCV  
  70  6:25  Marine x2  
  72  6:27  Marine  
  75  6:33  SCV  
  75  6:34  Marine  
  75  6:36  SCV  
  75  6:38  Supply Depot  
  78  6:43  Marine x2  
  78  6:44  Medivac  
  78  6:45  SCV, Supply Depot  
  78  6:46  Medivac  
  83  6:48  SCV  
  83  6:50  Marine  
  83  6:51  Marine  
  86  7:01  Marine x2  
  86  7:06  Siege Tank  
  86  7:08  SCV, Marine  
  93  7:10  SCV  
  93  7:11  Command Center  
  93  7:13  Supply Depot  
  94  7:15  Marine  
  94  7:19  Medivac, Marine  
  94  7:20  SCV  
  94  7:21  Medivac  
  101  7:31  SCV  
  101  7:32  Barracks  
  101  7:33  Barracks  
  101  7:36  Marine  
  103  7:40  SCV, Marine  
  103  7:43  Marine, Sensor Tower  
  106  7:46  SCV  
  106  7:49  Supply Depot  
  107  7:51  Marine  
  107  7:56  Marine  
  107  7:57  Supply Depot  
Tags
 
Add a new tag
Caveats
  • Supply blocks, unpowered buildings, or Contaminate may cause inaccurate times.
  • Supply counts are checked every 10 seconds.